 Dungeon Crawl Stone Soup version 0.26.0-16-gc1dbca0489 (webtiles) character file.

Game seed: 17054892174233678883

110 flappity the Shield-Bearer (level 4, -2/33 HPs)
             Began as an Octopode Fighter on Jan 21, 2021.
             Killed by divine providence
             ... invoked by an orc priest
              (10 damage)
             ... on level 3 of the Dungeon.
             The game lasted 00:01:55 (2352 turns).

flappity the Shield-Bearer (Octopode Fighter)       Turns: 2352, Time: 00:01:55

Health: -2/33      AC:  1    Str: 16    XL:     4   Next: 91%
Magic:  4/4        EV: 12    Int: 10    God:
Gold:   101        SH:  9    Dex: 11    Spells: 3/3 levels left

rFire    . . .     SeeInvis .   a - +0 war axe
rCold    . . .     Faith    .   b - +0 kite shield
rNeg     . . .     Spirit   .   (helmet restricted)
rPois    .         Reflect  .   (no amulet)
rElec    .         Harm     .   (no ring)
rCorr    .         Rampage  .   (no ring)
Will     .....                  (no ring)
Stlth    ++........             (no ring)
HPRegen  0.11/turn              (no ring)
MPRegen  0.09/turn              (no ring)
                                (no ring)
                                (no ring)

@: no status effects
A: almost no armour, stealthy swim, amphibious, 8 rings, constrict 8, camouflage
1, gelatinous body 1
a: no special abilities


You were on level 3 of the Dungeon.
You visited 1 branch of the dungeon, and saw 3 of its levels.

You collected 101 gold pieces.


Innate Abilities, Weirdness & Mutations

You cannot wear most types of armour.
You are very stealthy in the water. (Stealth+)
You are amphibious.
You can wear up to eight rings at the same time.
You can use your tentacles to constrict eight enemies at once.
Your skin changes colour to match your surroundings (Stealth+).
Your rubbery body absorbs attacks. (AC +1, EV +1)


   Skills:
 + Level 3.7 Fighting
 + Level 2.9 Axes
 + Level 3.7 Dodging
 + Level 3.7 Shields


You had 3 spell levels left.
You didn't know any spells.
Your spell library was empty.

Inventory:

Hand Weapons
 a - a +0 war axe (weapon)
Armour
 b - a +0 kite shield (worn)
Scrolls
 e - 2 scrolls of amnesia
 f - 3 scrolls of remove curse
 g - 2 scrolls of identify
 k - a scroll of fear {unknown}
Potions
 c - a potion of might
 d - a potion of lignification
 h - a potion of flight {unknown}
 i - a potion of ambrosia {unknown}
 j - 2 potions of heal wounds {unknown}
 l - a potion of berserk rage {unknown}


Message History

You constrict the hobgoblin.
You kill the hobgoblin!
An orc comes into view.
An orc wizard comes into view. It is wielding a +0 dagger.
You see here a +0 club.
An orc wizard comes into view. It is wielding a +0 dagger.
An orc priest comes into view. It is wielding a +0 club.
You barely miss the orc.
The orc wizard shouts!
The orc priest casts a cantrip, but nothing happens.
The orc barely misses you.
You hit the orc but do no damage.
The orc wizard looks satisfied for a moment.
The orc hits you with a +0 hand axe.
You take 3 damage.
You barely miss the orc. The orc hits you but does no damage.
The orc closely misses you.
You closely miss the orc. You barely miss the orc. The orc hits you.
The orc wizard mumbles some strange words.
The orc wizard seems to speed up.
You take 4 damage.
The orc wizard gestures at itself while chanting.
The orc wizard flickers and vanishes!
Deactivating autopickup; reactivate with Ctrl-A.
You closely miss the orc. You grab the orc. You constrict the orc.
The orc hits you.
You take 2 damage.
You hit the orc.
You kill the orc!
You slash the orc!
You kill the orc!
The orc wizard hits you with a +0 dagger.
The orc priest closely misses you.
You take 2 damage.
You barely miss the orc wizard. You closely miss the orc priest.
The orc wizard miscasts a cantrip.
The orc wizard hits you with a +0 dagger.
The orc priest misses you.
You take 4 damage.
You hit the orc wizard. You grab the orc wizard. You squeeze the orc wizard!
The orc wizard is almost dead.
You closely miss the orc priest. You constrict the orc wizard.
You kill the orc wizard!
The orc priest hits you with a +0 club. Something hits you.
You take 8 damage.
You barely miss the orc priest. You grab the orc priest.
You closely miss something. You constrict the orc priest.
The orc priest mumbles some strange prayers to Beogh against you.
Beogh smites you!
You die...

·····░·∙∙∙∙∙∙∙∙∙∙∙∙▒∙▒·░·░·░·····
·····■·∙∙∙∙∙∙∙∙∙∙▒∙▒∙▒·░·░·■·····
···░░░·∙∙∙∙∙∙∙∙∙∙▒∙▒∙▒·░·░·░·····
···░ ░·∙∙∙∙∙∙∙∙∙∙▒∙∙∙▒·░·░░░·····
···░ ░·∙∙∙∙∙∙∙∙)∙▒▒∙∙▒·▒·░ ░·····
···░ ░░░▒■▒▒▒▒▒▒∙▒▒∙∙▒∙▒·░ ░·····
░░·░ ░·░ ▒∙▒▒▒∙▒∙▒·░░░····· ░·░
░·░ ▒∙▒ ▒∙∙∙▒········· ░·░ ░·░
▒x▒▒▒∙∙∙▒∙∙∙······
░░■░░░░░░·░░░░░▒{o∙∙∙∙∙∙∙∙∙∙·····
········░∙∙∙o∙∙∙∙∙∙∙∙∙∙▒∙∙?∙·····
·········∙∙∙∙∙∙∙[∙∙∙∙▒∙▒∙∙∙∙·····
·········∙∙▒▒▒▒▒▒∙∙∙∙▒∙▒·∙∙∙·····
···········░····■∙∙∙∙▒∙▒··∙∙·····
···········░·░░░▒∙∙∙▒▒∙∙·········
···········░·░ ▒∙∙∙▒░·∙·········
···········░·░ ▒∙∙∙▒░···········


You could see an orc priest.

Vanquished Creatures
  An orc wizard (D:3)
  A shadow imp (D:2)
  An ooze (D:2)
  A leopard gecko (D:3)
  3 orcs (D:3)
  3 giant cockroaches
  6 goblins
  11 hobgoblins
  4 jackals (D:1)
  2 quokkas
  2 ball pythons
  6 bats
  5 frilled lizards
  8 kobolds
  5 rats
59 creatures vanquished.

Notes
Turn   | Place    | Note
-------+----------+-------------------------------------------
     0 | D:1      | flappity the Octopode Fighter began the quest for the Orb.
     0 | D:1      | Reached XP level 1. HP: 16/16 MP: 1/1
   261 | D:1      | Reached XP level 2. HP: 21/21 MP: 2/2
   426 | D:1      | You fall into a shaft and drop 1 floor!
   650 | D:1      | Reached XP level 3. HP: 18/26 MP: 3/3
  1467 | D:2      | Reached XP level 4. HP: 29/31 MP: 4/4
  2351 | D:3      | HP: 8/32 [something (3)]
  2352 | D:3      | Killed from afar by an orc priest

Levels and vault maps discovered:
D:1:      minmay_arrival_shattered_statue, layout_basic, moated_statue,
          minmay_bisected
D:2:      layout_loops_ring
D:3:      layout_basic, okawaru_altar_gauntlet_db, grunt_decor_clamped

Action                   |  1- 3 |  4- 6 || total
-------------------------+-------+-------++-------
Melee: War axe           |    74 |    37 ||   111
       Constrict         |    21 |    10 ||    31
       Tentacles         |    10 |     5 ||    15
  Use: Scroll            |       |     4 ||     4
 Stab: Sleeping          |     3 |     2 ||     5
Armor: Skin              |     8 |     1 ||     9
Dodge: Dodged            |    41 |    12 ||    53
Block: Kite shield       |    35 |     8 ||    43
